 Dungeon Sprint DCSS version 0.31.0-12-g77e489cdc1 (webtiles) character file.

Game seed: 1443273236998894126

3900000 Kallu the Axe Maniac (level 22, -16/275 HPs)
             Began as a Troll Warper on Feb 16, 2024.
             Was the Champion of Makhleb.
             Demolished by a sculptor of flesh
             ... wielding a +9 great sword
              (192 damage)
             ... in the Dungeon (Sprint VIII: "Arena of Blood").
             The game lasted 00:01:23 (39 turns).

Kallu the Axe Maniac (Troll Warper)                   Turns: 39, Time: 00:01:24

Health: -16/275    AC:  4    Str: 25    XL:     22   Next: 84%
Magic:  20/52      EV: 26    Int:  9    God:    Makhleb [******]
Gold:   0          SH:  0    Dex: 17    Spells: 75/75 levels left

rFire   . . .        i - +∞ Axe of Woe
rCold   . . .        (shield currently unavailable)
rNeg    . . .        a - +0 robe
rPois   .            (helmet restricted)
rElec   .            (no cloak)
rCorr   .            (gloves unavailable)
SInv    .            (boots unavailable)
Will    +....        (no amulet)
Stlth   +++          (no ring)
HPRegen 1.45/turn    (no ring)
MPRegen 0.33/turn

%: no teleportation
@: no status effects
A: large, unfitting armour, claws 3, regeneration 1, shaggy fur 1, tough skin 1
a: Renounce Religion, Minor Destruction, Lesser Servant of Makhleb, Major
Destruction, Greater Servant of Makhleb


You were in the Dungeon.
You worshipped Makhleb.
Makhleb was exalted by your worship.
You visited 1 branch

Inventory:

Hand Weapons
 i - the +∞ Axe of Woe (weapon)
   (You found it in the Dungeon)
Missiles
 c - 7 darts of dispersal (quivered)
Armour
 a - a +0 robe (worn)
Scrolls
 b - 2 scrolls of blinking
Potions
 d - a potion of curing
 e - a potion of heal wounds
 f - a potion of haste
 g - 2 potions of magic
 h - a potion of berserk rage


   Skills:
 O Level 27 Fighting
 + Level 7.9(9.1) Short Blades
 + Level 7.0(8.7) Long Blades
 O Level 27 Axes
 + Level 7.7(21.1) Maces & Flails
 + Level 7.0(19.6) Polearms
 + Level 7.0(9.5) Staves
 + Level 5.8 Ranged Weapons
 O Level 27 Throwing
 + Level 7.9 Armour
 O Level 27 Dodging
 + Level 6.0 Stealth
 + Level 8.7 Shields
 O Level 27 Unarmed Combat
 O Level 27 Spellcasting
 + Level 7.2 Conjurations
 + Level 6.5 Hexes
 + Level 7.2 Summonings
 + Level 7.9 Necromancy
 O Level 27 Translocations
 + Level 7.2 Fire Magic
 + Level 7.2 Ice Magic
 + Level 6.5 Air Magic
 + Level 8.7 Earth Magic
 + Level 7.2 Alchemy
 + Level 8.6 Invocations
 + Level 7.2 Evocations
 + Level 8.6 Shapeshifting


You had 75 spell levels left.
You didn't know any spells.
Your spell library contained the following spells:

 Spells                   Type           Power      Damage    Failure   Level
 Blink                    Tloc           100%       N/A       0%          2
 Lesser Beckoning         Tloc           100%       N/A       0%          2
 Teleport Other           Tloc           57%        N/A       0%          3
 Manifold Assault         Tloc           57%        N/A       0%          4
 Vhi's Electric Charge    Tloc/Air       84%        N/A       1%          4


Dungeon Overview and Level Annotations

Branches:
Dungeon (1/1)

Altars:
Makhleb


Innate Abilities, Weirdness & Mutations

You are too large for most types of armour.
You have claws for hands.
Your natural rate of healing is unusually fast.
You are covered in fur. (AC +1)
You have tough skin. (AC +1)


Message History

You kill the bag of meat!
Makhleb accepts your kill.
The large bag of meat explodes!
The fiery explosion engulfs you!!
You are engulfed in blazing flames.
The bag of meat is engulfed in blazing flames. x6
A destroyer comes into view. It is wielding a +9 heavy great sword.
The destroyer casts a spell at you.
The destroyer blinks!
Your base Short Blades skill increases to level 7!
Your base Long Blades skill gained 2 levels and is now at level 7!
Your base Maces & Flails skill increases to level 7!
Your base Polearms skill gained 2 levels and is now at level 7!
Your base Staves skill gained 2 levels and is now at level 7!
Your Ranged Weapons skill increases to level 5!
Your Armour skill increases to level 7!
Your Stealth skill gained 2 levels and is now at level 6!
Your Shields skill gained 2 levels and is now at level 8!
Your Conjurations skill gained 2 levels and is now at level 7!
Your Hexes skill increases to level 6!
Your Summonings skill gained 2 levels and is now at level 7!
Your Necromancy skill increases to level 7!
Your Fire Magic skill gained 2 levels and is now at level 7!
Your Ice Magic skill gained 2 levels and is now at level 7!
Your Air Magic skill increases to level 6!
Your Earth Magic skill gained 2 levels and is now at level 8!
Your Alchemy skill gained 2 levels and is now at level 7!
Your Invocations skill gained 2 levels and is now at level 8!
Your Evocations skill gained 2 levels and is now at level 7!
Your Shapeshifting skill gained 2 levels and is now at level 8!
You are engulfed in blazing flames.
The bag of meat is engulfed in blazing flames. x4
The bag of meat hits you with a +9 war axe!!
The bag of meat is engulfed in blazing flames.
The large bag of meat is engulfed in blazing flames.
The bag of meat is engulfed in blazing flames. x4
The bag of meat hits you with a +9 war axe!!
The bag of meat is engulfed in blazing flames.
The sculptor of flesh hits you with a +9 great sword!!!!!
Ouch! That really hurt!
You die...

#### #### .....
... ...... .. .
...##.##.#####..
.....oz.o.......
....o##@##......
.....ooooOo.z....
o......oo#o#O....
......ooo§o......#
.......oVooo..z...
#.......)V)○......
.......O°§§°......
.......)))....V..
. ..#.))))).#.....


You could see 2 destroyers, 3 sculptors of flesh, a large bag of meat (inner
flame), 2 meat berserkers and 17 bags of meat.

Vanquished Creatures
  2 vampire knights (D)
  11 ogres (D)
  5 two-headed ogres (D)
  48 orcs (D)
  A skeletal warrior (D)
67 creatures vanquished.

Notes
Turn   | Place    | Note
-------+----------+-------------------------------------------
     0 | D        | Found the +∞ Axe of Woe
     0 | D        | Kallu the Troll Warper began the quest for the Orb.
     0 | D        | Reached XP level 1. HP: 19/19 MP: 1/1
     2 | D        | Noticed a bag of meat
     3 | D        | Noticed a bag of meat
     4 | D        | Became a worshipper of Makhleb the Destroyer
     5 | D        | Noticed a bag of meat
     5 | D        | Noticed a bag of meat
     6 | D        | Noticed a bag of meat
     6 | D        | Noticed a bag of meat
     6 | D        | Noticed a bag of meat
     7 | D        | Killed a bag of meat
     7 | D        | Noticed a bag of meat
     7 | D        | Noticed a meat berserker
     8 | D        | Reached skill level 15 in Fighting
     8 | D        | Reached skill level 15 in Axes
     8 | D        | Reached XP level 2. HP: 31/57 MP: 2/2
     8 | D        | Reached XP level 3. HP: 36/65 MP: 3/3
     8 | D        | Reached XP level 4. HP: 41/74 MP: 4/4
     8 | D        | Reached XP level 5. HP: 45/81 MP: 5/5
     8 | D        | Reached XP level 6. HP: 50/91 MP: 6/6
     8 | D        | Reached XP level 7. HP: 54/98 MP: 7/7
     8 | D        | Reached XP level 8. HP: 59/107 MP: 8/8
     8 | D        | Reached XP level 9. HP: 65/117 MP: 9/9
     8 | D        | Reached XP level 10. HP: 70/126 MP: 10/10
     8 | D        | Killed a bag of meat
     8 | D        | Reached * piety under Makhleb
     8 | D        | Noticed a meat berserker
     9 | D        | Reached XP level 11. HP: 79/140 MP: 11/11
     9 | D        | Noticed a meat berserker
     9 | D        | Killed a meat berserker
     9 | D        | Noticed a bag of meat
    10 | D        | Reached XP level 12. HP: 91/158 MP: 12/12
    10 | D        | Reached XP level 13. HP: 96/166 MP: 13/13
    10 | D        | Noticed a meat berserker
    10 | D        | Noticed a bag of meat
    10 | D        | Noticed a bag of meat
    10 | D        | Noticed a meat berserker
    11 | D        | Killed a bag of meat
    11 | D        | Killed a bag of meat
    11 | D        | Reached ** piety under Makhleb
    11 | D        | Killed a bag of meat
    11 | D        | Noticed a meat berserker
    11 | D        | Noticed a bag of meat
    12 | D        | Reached XP level 14. HP: 74/185 MP: 14/14
    12 | D        | Killed a meat berserker
    12 | D        | Noticed a meat berserker
    12 | D        | Noticed a large bag of meat
    13 | D        | Noticed a bag of meat
    13 | D        | Noticed a bag of meat
    14 | D        | Killed a bag of meat
    14 | D        | Reached *** piety under Makhleb
    14 | D        | Killed a bag of meat
    14 | D        | Noticed a bag of meat
    14 | D        | Noticed a bag of meat
    14 | D        | Noticed a bag of meat
    15 | D        | Reached XP level 15. HP: 112/202 MP: 15/15
    15 | D        | Killed a meat berserker
    15 | D        | Killed a meat berserker
    15 | D        | Reached **** piety under Makhleb
    16 | D        | Reached skill level 27 in Fighting
    16 | D        | Reached skill level 27 in Axes
    16 | D        | Reached skill level 10 in Translocations
    16 | D        | Reached XP level 16. HP: 210/217 MP: 15/22
    16 | D        | Killed a meat berserker
    17 | D        | Killed a meat berserker
    17 | D        | Reached ***** piety under Makhleb
    18 | D        | Reached skill level 5 in Throwing
    18 | D        | Noticed a large bag of meat
    18 | D        | Noticed a large bag of meat
    19 | D        | Noticed a meat berserker
    19 | D        | Killed a large bag of meat
    19 | D        | Killed a meat berserker
    20 | D        | Reached skill level 10 in Spellcasting
    20 | D        | Reached XP level 17. HP: 111/226 MP: 15/30
    20 | D        | Noticed a meat berserker
    21 | D        | Noticed a destroyer
    22 | D        | Reached XP level 18. HP: 150/236 MP: 15/32
    22 | D        | Reached ****** piety under Makhleb
    23 | D        | Reached skill level 15 in Unarmed Combat
    23 | D        | Noticed a meat berserker
    24 | D        | Noticed a meat berserker
    26 | D        | Killed a large bag of meat
    26 | D        | Killed a meat berserker
    26 | D        | Killed a large bag of meat
    27 | D        | Reached skill level 27 in Translocations
    27 | D        | Reached XP level 19. HP: 169/245 MP: 16/38
    27 | D        | Noticed a destroyer
    27 | D        | Noticed a destroyer
    28 | D        | Killed a meat berserker
    28 | D        | Killed a meat berserker
    28 | D        | Noticed a large bag of meat
    29 | D        | Reached skill level 27 in Dodging
    29 | D        | Reached skill level 27 in Unarmed Combat
    29 | D        | Reached XP level 20. HP: 248/256 MP: 17/45
    29 | D        | Noticed a large bag of meat
    30 | D        | Noticed a destroyer
    31 | D        | Noticed a large bag of meat
    32 | D        | Reached XP level 21. HP: 265/265 MP: 18/50
    35 | D        | Reached skill level 27 in Spellcasting
    35 | D        | Killed a large bag of meat
    36 | D        | Reached skill level 27 in Throwing
    37 | D        | Reached XP level 22. HP: 257/275 MP: 19/52
    37 | D        | Killed a destroyer
    38 | D        | Reached skill level 5 in Long Blades
    38 | D        | Reached skill level 5 in Polearms
    38 | D        | Reached skill level 5 in Staves
    38 | D        | Reached skill level 5 in Conjurations
    38 | D        | Reached skill level 5 in Hexes
    38 | D        | Reached skill level 5 in Summonings
    38 | D        | Reached skill level 5 in Fire Magic
    38 | D        | Reached skill level 5 in Ice Magic
    38 | D        | Reached skill level 5 in Air Magic
    38 | D        | Reached skill level 5 in Alchemy
    38 | D        | Reached skill level 5 in Evocations
    38 | D        | Killed a large bag of meat
    38 | D        | Killed a destroyer
    38 | D        | Noticed a destroyer
    39 | D        | Reached skill level 5 in Ranged Weapons
    39 | D        | Demolished by a sculptor of flesh

Illustrated notes

Levels and vault maps discovered:
D:        meatsprint

Skill      XL: |  1  2  3  4  5  6  7  8  9 10 11 12 13 14 15 16 17 18 19 20 21 22 |
---------------+-------------------------------------------------------------------+-----
Fighting       | 15 17 20 23 25 27 | 27.0
Axes           | 15 17 20 23 25 27 | 27.0
Throwing       | 2 6 9 13 16 27 | 27.0
Dodging        | 7 17 18 26 27 | 27.0
Unarmed Combat | 6 13 14 21 27 | 27.0
Spellcasting   | 4 10 11 16 22 26 27 | 27.0
Translocations | 10 21 22 27 | 27.0
Short Blades   | 4 7 |  7.9
Long Blades    | 3 7 |  7.0
Maces & Flails | 3 7 |  7.7
Polearms       | 3 7 |  7.0
Staves         | 3 7 |  7.0
Ranged Weapons | 2 5 |  5.8
Armour         | 4 7 |  7.9
Stealth        | 3 6 |  6.0
Shields        | 4 8 |  8.7
Conjurations   | 3 7 |  7.2
Hexes          | 3 6 |  6.5
Summonings     | 3 7 |  7.2
Necromancy     | 4 7 |  7.9
Fire Magic     | 3 7 |  7.2
Ice Magic      | 3 7 |  7.2
Air Magic      | 3 6 |  6.5
Earth Magic    | 4 8 |  8.7
Alchemy        | 3 7 |  7.2
Invocations    | 4 8 |  8.6
Evocations     | 3 7 |  7.2
Shapeshifting  | 4 8 |  8.6

Action                     |  1- 3 |  4- 6 |  7- 9 | 10-12 | 13-15 | 16-18 | 19-21 | 22-24 || total
---------------------------+-------+-------+-------+-------+-------+-------+-------+-------++-------
  Melee: Executioner's axe |     1 |       |       |     2 |     4 |     7 |     5 |     2 ||    21
 Armour: Robe              |     1 |       |       |       |     3 |    12 |    14 |     7 ||    37
  Dodge: Dodged            |       |       |       |       |       |     1 |     3 |       ||     4
